Blue Jackets vs Oilers
Created - 17 avril 2015 at 19:00
Goals
|
| Blue Jackets |
0 |
1 |
0 |
1 |
| Oilers |
0 |
1 |
2 |
3 |
|
Shots
|
| Blue Jackets |
6 |
13 |
5 |
24 |
| Oilers |
9 |
10 |
15 |
34 |
|
1st period
No Goal
Penalties :
Patrick Kaleta (Edm) for Tripping (Minor) at 17:32
2nd period
1. Oilers , Ilya Kovalchuk 1 (Jonathan Toews) at 16:42
2. Blue Jackets , Chris Kelly 1 (Marcus Nilson, Jason Ward) at 17:44
Penalties :
Mike Commodore (Clb) for Tripping (Minor) at 3:09, Ramzi Abid (Clb) for Hooking (Minor) at 7:05, Adam Burish (Edm) for High sticking (Minor) at 19:01, Peter Regin (Edm) for Roughing (Minor) at 19:56
3rd period
3. Oilers , Steve Begin 1 (Lubos Bartecko) at 5:31
4. Oilers , Patrick Kane 2 (Pavel Datsyuk, Ian White) at 5:47
Penalties :
Wade Redden (Clb) for Tripping (Minor) at 3:14, Kevin Bieksa (Clb) for Hooking (Minor) at 8:41, Wade Redden (Clb) for Roughing (Minor) at 16:54, Mike Commodore (Clb) for Hooking (Minor) at 19:22
Goalie Stats
Rick DiPietro (Clb), 31 saves from 34 shots - (0,912), L, 1-1-0, 60:00 minutes
Cam Ward (Edm), 23 saves from 24 shots - (0,958), W, 1-1-0, 60:00 minutes
Players Stats for Blue Jackets
Player Name G A P +/- PIM S H SB GA TA FO MP PP MP PK MP
------------------------------------------------------------------------------------
A.J Thelen 0 0 0 -1 0 2 1 0 0 1 0/0 14:18 0:00 3:10
Andreas Nodl 0 0 0 0 0 2 0 0 0 0 0/0 6:19 0:00 0:00
Brad Stuart 0 0 0 1 0 0 0 0 0 0 0/0 21:57 2:05 4:44
Branislav Mezei 0 0 0 -2 0 0 1 1 0 1 0/0 27:10 2:48 5:48
Chris Kelly 1 0 1 0 0 4 0 0 0 0 3/7 10:41 0:03 0:46
Dave Steckel 0 0 0 0 0 0 0 0 0 0 1/3 6:19 0:00 0:00
David Booth 0 0 0 -2 0 1 0 0 0 0 0/1 23:26 2:50 5:02
Jan Bulis 0 0 0 0 0 3 2 0 0 0 4/10 17:30 2:00 3:12
Jason Ward 0 1 1 0 0 1 0 1 0 0 0/0 9:34 0:00 0:00
Jeff Taffe 0 0 0 0 0 1 1 0 0 0 0/0 9:36 0:00 2:30
Kevin Bieksa 0 0 0 1 2 0 1 0 1 0 0/0 21:14 2:05 3:49
Marc Savard 0 0 0 -2 0 4 3 4 0 1 18/36 23:26 2:50 5:02
Marcus Nilson 0 1 1 0 0 1 1 0 0 0 0/0 11:37 0:08 1:20
Mike Commodore 0 0 0 -1 4 1 0 1 0 0 0/0 11:19 0:00 0:09
Patric Hornqvist 0 0 0 -2 0 1 3 0 0 0 0/1 17:29 2:00 0:00
Pavel Bure 0 0 0 0 0 0 2 0 0 0 0/0 18:26 2:48 3:12
Ramzi Abid 0 0 0 0 2 2 1 0 0 1 0/0 14:03 2:00 0:00
Wade Redden 0 0 0 -2 4 1 1 0 1 1 0/0 24:58 2:48 3:24
Players Stats for Oilers
Player Name G A P +/- PIM S H SB GA TA FO MP PP MP PK MP
------------------------------------------------------------------------------------
Adam Burish 0 0 0 -1 2 2 0 0 0 0 0/0 10:45 0:00 1:32
Christian Ehrhoff 0 0 0 2 0 0 1 1 0 0 0/0 22:46 4:47 2:32
Duncan Keith 0 0 0 0 0 0 0 2 0 0 0/0 20:59 5:22 0:00
Eric Nystrom 0 0 0 -1 0 4 0 0 1 0 0/0 9:39 0:10 0:09
Ian White 0 1 1 1 0 2 0 3 0 0 0/0 25:34 5:22 2:21
Ilya Kovalchuk 1 0 1 1 0 4 2 1 2 0 0/1 20:29 5:15 1:45
Jonathan Toews 0 1 1 1 0 5 1 3 1 0 10/20 20:09 5:15 0:52
Lubos Bartecko 0 1 1 1 0 4 1 1 0 0 1/1 7:22 0:00 0:00
Olli Jokinen 0 0 0 -1 0 3 2 0 0 0 2/3 8:58 0:00 0:00
Patrick Kaleta 0 0 0 1 2 3 0 0 0 0 0/0 18:46 5:15 0:00
Patrick Kane 1 0 1 1 0 2 4 1 0 0 0/0 19:44 5:17 0:00
Pavel Datsyuk 0 1 1 1 0 3 1 0 0 0 15/26 21:27 5:07 2:14
Peter Regin 0 0 0 1 2 1 2 0 0 0 3/4 8:55 0:10 1:20
Rob Scuderi 0 0 0 0 0 0 3 0 0 1 0/0 18:10 0:00 2:32
Scott Niedermayer 0 0 0 0 0 0 3 2 0 0 0/0 20:47 5:10 2:21
Steve Begin 1 0 1 1 0 1 0 0 0 0 1/1 8:15 0:00 0:49
Steve Staios 0 0 0 1 0 0 1 0 0 1 0/0 11:44 0:23 0:00
Tomas Fleischmann 0 0 0 1 0 0 1 0 1 0 0/2 19:31 5:07 0:00
3 Stars
1 - Patrick Kane (Edm)
2 - Cam Ward (Edm)
3 - Ilya Kovalchuk (Edm)
Power Play
Blue Jackets - 0 on 3 Attempt(s) - 0,00%
Oilers - 0 on 6 Attempt(s) - 0,00%
Penalty Kill
Blue Jackets - 6 on 6 Attempt(s) - 100,00%
- Score 0 goal in Penalty Kill
Oilers - 3 on 3 Attempt(s) - 100,00%
- Score 0 goal in Penalty Kill
Team Stat
Blue Jackets - Hits : 17 - Faceoff Wins : 26 - Blocked Shots : 7 - Penalty Minutes : 12
Oilers - Hits : 22 - Faceoff Wins : 32 - Blocked Shots : 14 - Penalty Minutes : 6
Official
Referees : StLaurent Francois and Rooney Chris
Linesman : Thor Nelson and Ryan Galloway
Game Notes
No Game Note
Finance
Level 1 -- Attendance: 5202 (86,70%) -- Ticket Income 468 180 $
Level 2 -- Attendance: 4283 (85,66%) -- Ticket Income 239 848 $
Level 3 -- Attendance: 1795 (89,75%) -- Ticket Income 62 825 $
Level 4 -- Attendance: 3456 (86,40%) -- Ticket Income 82 944 $
Luxury Box -- Attendance: 842 (84,20%) -- Ticket Income 150 718 $
Game was played at the Rexall Place'
Total Attendance: 15578 (86,54%)
Total Ticket Income: 1 004 515 $
Other Income: 150 677 $
Total Income: 1 155 192 $
Blue Jackets
5 vs 5 Forward
Center Left Wing Right Wing Time % Phy DF OF
1 Marc Savard David Booth Patric Hornqvist 40 1 2 2
2 Jan Bulis Ramzi Abid Pavel Bure 30 1 2 2
3 Chris Kelly Marcus Nilson Jason Ward 20 1 2 2
4 Dave Steckel Jeff Taffe Andreas Nodl 10 1 2 2
5 vs 5 Defense
Defense Defense Time % Phy DF OF
1 Branislav Mezei Wade Redden 40 1 2 2
2 Kevin Bieksa Brad Stuart 30 1 2 2
3 Mike Commodore A.J Thelen 20 1 2 2
4 Branislav Mezei Wade Redden 10 1 2 2
PowerPlay Forward
Center Left Wing Right Wing Time % Phy DF OF
1 Marc Savard David Booth Pavel Bure 60 1 2 2
2 Jan Bulis Ramzi Abid Patric Hornqvist 40 1 2 2
PowerPlay Defense
Defense Defense Time % Phy DF OF
1 Branislav Mezei Wade Redden 60 1 2 2
2 Kevin Bieksa Brad Stuart 40 1 2 2
Penalty Kill 4 Players Forward
Center Wing Time % Phy DF OF
1 Marc Savard David Booth 60 1 2 2
2 Pavel Bure Jan Bulis 40 1 2 2
Penalty Kill 4 Players Defense
Defense Defense Time % Phy DF OF
1 Branislav Mezei Wade Redden 60 1 2 2
2 Kevin Bieksa Brad Stuart 40 1 2 2
Penalty Kill - 3 Players Forward
Forward Time % Phy DF OF
1 Marc Savard 60 1 2 2
2 David Booth 40 1 2 2
Penalty Kill - 3 Players Defense
Defense Defense Time % Phy DF OF
1 Branislav Mezei Wade Redden 60 1 2 2
2 Kevin Bieksa Brad Stuart 40 1 2 2
4 vs 4 Forward
Center Wing Time % Phy DF OF
1 Marc Savard David Booth 60 1 2 2
2 Pavel Bure Jan Bulis 40 1 2 2
4 vs 4 Defense
Defense Defense Time % Phy DF OF
1 Branislav Mezei Wade Redden 60 1 2 2
2 Kevin Bieksa Brad Stuart 40 1 2 2
Last Minutes Offensive
Center Left Wing Right Wing Defense Defense
Marc Savard David Booth Pavel Bure Branislav Mezei Wade Redden
Last Minutes Defensive
Center Left Wing Right Wing Defense Defense
Marc Savard David Booth Pavel Bure Branislav Mezei Wade Redden
Goaltenders
Starting : Rick DiPietro
Backup : Mathieu Garon
Extra Forwards
Normal : Marcus Nilson, Chris Kelly, Jeff Taffe - PP : Marcus Nilson, Chris Kelly - PK : Jeff Taffe
Extra Defensemen
Normal : Mike Commodore, A.J Thelen, Kevin Bieksa - PP : Mike Commodore - PK : A.J Thelen, Kevin Bieksa
Penalty Shots
Marc Savard, David Booth, Pavel Bure, Jan Bulis, Patric Hornqvist
Oilers
5 vs 5 Forward
Center Left Wing Right Wing Time % Phy DF OF
1 Pavel Datsyuk Tomas Fleischmann Patrick Kane 40 0 2 3
2 Jonathan Toews Ilya Kovalchuk Patrick Kaleta 37 1 2 2
3 Olli Jokinen Eric Nystrom Adam Burish 15 1 2 2
4 Peter Regin Steve Begin Lubos Bartecko 8 1 2 2
5 vs 5 Defense
Defense Defense Time % Phy DF OF
1 Ian White Christian Ehrhoff 33 1 2 2
2 Duncan Keith Rob Scuderi 33 1 2 2
3 Scott Niedermayer Steve Staios 24 1 2 2
4 Ian White Scott Niedermayer 10 1 2 2
PowerPlay Forward
Center Left Wing Right Wing Time % Phy DF OF
1 Pavel Datsyuk Tomas Fleischmann Patrick Kane 50 0 2 3
2 Jonathan Toews Ilya Kovalchuk Patrick Kaleta 50 0 2 3
PowerPlay Defense
Defense Defense Time % Phy DF OF
1 Ian White Duncan Keith 50 1 2 2
2 Christian Ehrhoff Scott Niedermayer 50 1 2 2
Penalty Kill 4 Players Forward
Center Wing Time % Phy DF OF
1 Pavel Datsyuk Adam Burish 50 1 3 1
2 Peter Regin Ilya Kovalchuk 50 1 3 1
Penalty Kill 4 Players Defense
Defense Defense Time % Phy DF OF
1 Ian White Scott Niedermayer 50 1 3 1
2 Christian Ehrhoff Rob Scuderi 50 1 3 1
Penalty Kill - 3 Players Forward
Forward Time % Phy DF OF
1 Pavel Datsyuk 50 1 4 0
2 Jonathan Toews 50 1 4 0
Penalty Kill - 3 Players Defense
Defense Defense Time % Phy DF OF
1 Ian White Scott Niedermayer 50 1 4 0
2 Christian Ehrhoff Rob Scuderi 50 1 4 0
4 vs 4 Forward
Center Wing Time % Phy DF OF
1 Pavel Datsyuk Patrick Kane 50 1 2 2
2 Jonathan Toews Ilya Kovalchuk 50 1 2 2
4 vs 4 Defense
Defense Defense Time % Phy DF OF
1 Ian White Scott Niedermayer 50 1 2 2
2 Duncan Keith Christian Ehrhoff 50 1 2 2
Last Minutes Offensive
Center Left Wing Right Wing Defense Defense
Pavel Datsyuk Ilya Kovalchuk Patrick Kane Ian White Scott Niedermayer
Last Minutes Defensive
Center Left Wing Right Wing Defense Defense
Pavel Datsyuk Ilya Kovalchuk Patrick Kane Ian White Rob Scuderi
Goaltenders
Starting : Cam Ward
Backup : Sebastien Caron
Extra Forwards
Normal : Ilya Kovalchuk, Pavel Datsyuk, Patrick Kane - PP : Patrick Kaleta, Peter Regin - PK : Steve Begin
Extra Defensemen
Normal : Christian Ehrhoff, Steve Staios, Ian White - PP : Steve Staios - PK : Duncan Keith, Steve Staios
Penalty Shots
Ilya Kovalchuk, Patrick Kane, Pavel Datsyuk, Jonathan Toews, Olli Jokinen
% Time on Ice - Blue Jackets
Lines # - Real PCT - Wanted PCT - Time Play
Normal Forward
1 - 37% - 40% - 16:24
2 - 28% - 30% - 12:18
3 - 21% - 20% - 9:34
4 - 14% - 10% - 6:19
Normal Defense
1 - 41% - 40% - 18:09
2 - 33% - 30% - 14:49
3 - 24% - 20% - 10:53
4 - 2% - 10% - 0:44
PP Forward
1 - 59% - 60% - 2:53
2 - 41% - 40% - 2:00
PP Defense
1 - 57% - 60% - 2:48
2 - 43% - 40% - 2:05
PK Forward
1 - 70% - 60% - 7:20
2 - 30% - 40% - 3:12
PK Defense
1 - 58% - 60% - 6:04
2 - 42% - 40% - 4:28
PK3 Forward
1 - 0% - 60%
2 - 0% - 40%
PK3 Defense
1 - 0% - 60%
2 - 0% - 40%
44 Forward
1 - 0% - 60%
2 - 0% - 40%
44 Defense
1 - 0% - 60%
2 - 0% - 40%
Last Minute Offensive - 0:00
Last Minute Defensive - 0:00
Total
Forward - 60:00
Defense - 60:00
|
% Time on Ice - Oilers
Lines # - Real PCT - Wanted PCT - Time Play
Normal Forward
1 - 33% - 40% - 14:43
2 - 30% - 37% - 13:32
3 - 20% - 15% - 8:58
4 - 17% - 8% - 7:22
Normal Defense
1 - 34% - 33% - 14:57
2 - 37% - 33% - 16:36
3 - 24% - 24% - 10:45
4 - 5% - 10% - 2:17
PP Forward
1 - 50% - 50% - 5:17
2 - 50% - 50% - 5:15
PP Defense
1 - 51% - 50% - 5:22
2 - 49% - 50% - 5:10
PK Forward
1 - 48% - 50% - 1:51
2 - 52% - 50% - 1:58
PK Defense
1 - 50% - 50% - 1:55
2 - 50% - 50% - 1:54
PK3 Forward
1 - 36% - 50% - 0:23
2 - 64% - 50% - 0:41
PK3 Defense
1 - 41% - 50% - 0:26
2 - 59% - 50% - 0:38
44 Forward
1 - 0% - 50%
2 - 0% - 50%
44 Defense
1 - 0% - 50%
2 - 0% - 50%
Last Minute Offensive - 0:00
Last Minute Defensive - 0:00
Total
Forward - 60:00
Defense - 60:00
|
Play by Play
1st period
0:01 of 1st period - Pavel Datsyuk wins face-off versus Marc Savard in neutral zone.
1:05 of 1st period - Snap shot by Andreas Nodl.
1:05 of 1st period - Stopped by Cam Ward without a rebound.
1:06 of 1st period - Peter Regin wins face-off versus Dave Steckel in Oilers zone.
1:06 of 1st period - Peter Regin is hit by A.J Thelen.
1:30 of 1st period - Wrist shot by Lubos Bartecko.
1:30 of 1st period - Stopped by Rick DiPietro with a rebound.
1:33 of 1st period - Icing by Andreas Nodl.
1:34 of 1st period - Jonathan Toews wins face-off versus Dave Steckel in Blue Jackets zone.
1:51 of 1st period - Slapshot by A.J Thelen.
1:51 of 1st period - Stopped by Cam Ward without a rebound.
1:52 of 1st period - Pavel Datsyuk wins face-off versus Marc Savard in Oilers zone.
1:52 of 1st period - Pavel Datsyuk is hit by Marc Savard.
2:02 of 1st period - Wade Redden is hit by Pavel Datsyuk and loses puck.
2:19 of 1st period - Patrick Kaleta is hit by Pavel Bure and loses puck.
2:26 of 1st period - Wrist shot by Ilya Kovalchuk.
2:26 of 1st period - Stopped by Rick DiPietro without a rebound.
2:27 of 1st period - Olli Jokinen wins face-off versus Jan Bulis in Blue Jackets zone.
3:18 of 1st period - Wrist shot by Ilya Kovalchuk.
3:18 of 1st period - Shot Misses the Net.
3:40 of 1st period - Wrist shot by Chris Kelly.
3:40 of 1st period - Deflect By Scott Niedermayer.
3:40 of 1st period - Shot Blocked by Scott Niedermayer.
3:40 of 1st period - Puck is out of play.
3:41 of 1st period - Chris Kelly wins face-off versus Pavel Datsyuk in Oilers zone.
4:06 of 1st period - Ramzi Abid is hit by Jonathan Toews and loses puck.
5:34 of 1st period - Ilya Kovalchuk is hit by Wade Redden and loses puck.
5:47 of 1st period - Snap shot by Olli Jokinen.
5:47 of 1st period - Deflect By Adam Burish.
5:47 of 1st period - Shot Blocked by Branislav Mezei.
5:47 of 1st period - Puck is out of play.
5:48 of 1st period - Olli Jokinen wins face-off versus Marc Savard in Blue Jackets zone.
5:55 of 1st period - Wrist shot by Eric Nystrom.
5:55 of 1st period - Shot Blocked by Marc Savard.
5:57 of 1st period - Wrist shot by Eric Nystrom.
5:57 of 1st period - Shot Misses the Net.
6:20 of 1st period - Slapshot by Pavel Datsyuk.
6:20 of 1st period - Shot Misses the Net.
6:57 of 1st period - Mike Commodore is hit by Peter Regin and loses puck.
7:24 of 1st period - Snap shot by Jan Bulis.
7:24 of 1st period - Deflect By Ramzi Abid.
7:24 of 1st period - Shot Misses the Net.
7:24 of 1st period - Puck is out of play.
7:25 of 1st period - Chris Kelly wins face-off versus Tomas Fleischmann in Oilers zone.
7:50 of 1st period - Duncan Keith is hit by Patric Hornqvist and loses puck.
8:36 of 1st period - Jeff Taffe is hit by Rob Scuderi and loses puck.
9:25 of 1st period - Wrist shot by Ilya Kovalchuk.
9:25 of 1st period - Shot Blocked by Jason Ward.
9:47 of 1st period - Ramzi Abid is hit by Scott Niedermayer and loses puck.
9:57 of 1st period - Off-side.
9:58 of 1st period - Dave Steckel wins face-off versus Peter Regin in neutral zone.
10:03 of 1st period - Wrist shot by Andreas Nodl.
10:03 of 1st period - Shot Blocked by Ian White.
10:36 of 1st period - Christian Ehrhoff is hit by Patric Hornqvist and loses puck.
10:54 of 1st period - Snap shot by Adam Burish.
10:54 of 1st period - Stopped by Rick DiPietro with a rebound.
10:56 of 1st period - Snap shot by Eric Nystrom.
10:56 of 1st period - Stopped by Rick DiPietro without a rebound.
10:57 of 1st period - Jonathan Toews wins face-off versus Jan Bulis in Blue Jackets zone.
11:06 of 1st period - Snap shot by Jonathan Toews.
11:06 of 1st period - Stopped by Rick DiPietro without a rebound.
11:07 of 1st period - Jan Bulis wins face-off versus Jonathan Toews in Blue Jackets zone.
11:18 of 1st period - Scott Niedermayer is hit by Kevin Bieksa and loses puck.
11:42 of 1st period - Snap shot by Jonathan Toews.
11:42 of 1st period - Stopped by Rick DiPietro without a rebound.
11:43 of 1st period - Marc Savard wins face-off versus Pavel Datsyuk in Blue Jackets zone.
12:15 of 1st period - Wrist shot by Chris Kelly.
12:15 of 1st period - Stopped by Cam Ward without a rebound.
12:16 of 1st period - Jan Bulis wins face-off versus Pavel Datsyuk in Oilers zone.
12:21 of 1st period - Wrist shot by Pavel Bure.
12:21 of 1st period - Shot Misses the Net.
12:42 of 1st period - Rob Scuderi is hit by Marc Savard and loses puck.
12:47 of 1st period - Wrist shot by Patric Hornqvist.
12:47 of 1st period - Stopped by Cam Ward with a rebound.
14:05 of 1st period - Snap shot by Jan Bulis.
14:05 of 1st period - Shot Misses the Net.
14:07 of 1st period - Snap shot by Jan Bulis.
14:07 of 1st period - Shot Blocked by Scott Niedermayer.
14:09 of 1st period - Wrist shot by Jan Bulis.
14:09 of 1st period - Shot Misses the Net.
14:11 of 1st period - Snap shot by Ramzi Abid.
14:11 of 1st period - Stopped by Cam Ward without a rebound.
14:12 of 1st period - Pavel Datsyuk wins face-off versus Chris Kelly in Oilers zone.
14:44 of 1st period - Snap shot by Patric Hornqvist.
14:44 of 1st period - Shot Blocked by Jonathan Toews.
15:08 of 1st period - Snap shot by Olli Jokinen.
15:08 of 1st period - Stopped by Rick DiPietro without a rebound.
15:09 of 1st period - Marc Savard wins face-off versus Tomas Fleischmann in Blue Jackets zone.
15:34 of 1st period - Ramzi Abid is hit by Scott Niedermayer and loses puck.
15:41 of 1st period - Wrist shot by Eric Nystrom.
15:41 of 1st period - Shot Misses the Net.
15:43 of 1st period - Slapshot by Ian White.
15:43 of 1st period - Deflect By Olli Jokinen.
15:43 of 1st period - Stopped by Rick DiPietro without a rebound.
15:44 of 1st period - Pavel Datsyuk wins face-off versus Jan Bulis in Blue Jackets zone.
16:09 of 1st period - Wade Redden is hit by Rob Scuderi and loses puck.
16:38 of 1st period - Slapshot by Jason Ward.
16:38 of 1st period - Shot Blocked by Ian White.
17:22 of 1st period - Wrist shot by Jan Bulis.
17:22 of 1st period - Stopped by Cam Ward without a rebound.
17:23 of 1st period - Marc Savard wins face-off versus Jonathan Toews in Oilers zone.
17:26 of 1st period - Wrist shot by David Booth.
17:26 of 1st period - Deflect By Marc Savard.
17:26 of 1st period - Shot Blocked by Jonathan Toews.
17:26 of 1st period - Puck is out of play.
17:27 of 1st period - Marc Savard wins face-off versus Jonathan Toews in Oilers zone.
17:30 of 1st period - Snap shot by Patric Hornqvist.
17:30 of 1st period - Shot Blocked by Ian White.
17:32 of 1st period - Minor Penalty to Patrick Kaleta for Tripping.
17:33 of 1st period - Marc Savard wins face-off versus Pavel Datsyuk in Oilers zone.
19:32 of 1st period - Penalty to Patrick Kaleta is over, Patrick Kaleta is back on ice.
19:51 of 1st period - Wrist shot by Jonathan Toews.
19:51 of 1st period - Stopped by Rick DiPietro with a rebound.
Goals for this period are 0 for Blue Jackets vs 0 for Oilers.
Shots for this period are 6 for Blue Jackets vs 9 for Oilers.
2nd period
0:01 of 2nd period - Marc Savard wins face-off versus Jonathan Toews in neutral zone.
0:08 of 2nd period - Off-side.
0:09 of 2nd period - Jonathan Toews wins face-off versus David Booth in neutral zone.
0:26 of 2nd period - Wrist shot by Marc Savard.
0:26 of 2nd period - Stopped by Cam Ward without a rebound.
0:27 of 2nd period - Pavel Datsyuk wins face-off versus Jan Bulis in Oilers zone.
0:49 of 2nd period - Patrick Kane is hit by Jan Bulis and loses puck.
1:24 of 2nd period - Off-side.
1:25 of 2nd period - Jonathan Toews wins face-off versus Patric Hornqvist in neutral zone.
1:30 of 2nd period - Snap shot by David Booth.
1:30 of 2nd period - Shot Misses the Net.
1:52 of 2nd period - Patric Hornqvist is hit by Christian Ehrhoff and loses puck.
2:20 of 2nd period - Icing by Marc Savard.
2:21 of 2nd period - Jonathan Toews wins face-off versus Marc Savard in Blue Jackets zone.
2:36 of 2nd period - Snap shot by Jonathan Toews.
2:36 of 2nd period - Shot Blocked by Mike Commodore.
2:47 of 2nd period - Icing by David Booth.
2:48 of 2nd period - Pavel Datsyuk wins face-off versus Jan Bulis in Blue Jackets zone.
2:49 of 2nd period - Snap shot by Patrick Kane.
2:49 of 2nd period - Shot Misses the Net.
2:51 of 2nd period - Slapshot by Patrick Kane.
2:51 of 2nd period - Shot Misses the Net.
3:09 of 2nd period - Minor Penalty to Mike Commodore for Tripping.
3:10 of 2nd period - Pavel Datsyuk wins face-off versus Marc Savard in Blue Jackets zone.
4:37 of 2nd period - Snap shot by Pavel Bure.
4:37 of 2nd period - Shot Misses the Net.
5:09 of 2nd period - Penalty to Mike Commodore is over, Mike Commodore is back on ice.
5:22 of 2nd period - Wrist shot by Eric Nystrom.
5:22 of 2nd period - Stopped by Rick DiPietro with a rebound.
5:32 of 2nd period - A.J Thelen is hit by Rob Scuderi.
6:03 of 2nd period - Steve Staios is hit by Ramzi Abid and loses puck.
6:18 of 2nd period - Brad Stuart is hit by Scott Niedermayer and loses puck.
6:23 of 2nd period - Snap shot by Lubos Bartecko.
6:23 of 2nd period - Stopped by Rick DiPietro with a rebound.
6:51 of 2nd period - Adam Burish is hit by Marcus Nilson and loses puck.
7:05 of 2nd period - Minor Penalty to Ramzi Abid for Hooking.
7:06 of 2nd period - Jonathan Toews wins face-off versus Marc Savard in Blue Jackets zone.
7:20 of 2nd period - Snap shot by Ilya Kovalchuk.
7:20 of 2nd period - Stopped by Rick DiPietro with a rebound.
7:22 of 2nd period - Slapshot by Ian White.
7:22 of 2nd period - Stopped by Rick DiPietro with a rebound.
7:38 of 2nd period - David Booth is hit by Patrick Kane and loses puck.
9:05 of 2nd period - Penalty to Ramzi Abid is over, Ramzi Abid is back on ice.
9:13 of 2nd period - Wrist shot by Adam Burish.
9:13 of 2nd period - Stopped by Rick DiPietro without a rebound.
9:14 of 2nd period - Chris Kelly wins face-off versus Olli Jokinen in Blue Jackets zone.
9:14 of 2nd period - Chris Kelly is hit by Steve Staios.
9:24 of 2nd period - Wrist shot by Chris Kelly.
9:24 of 2nd period - Stopped by Cam Ward without a rebound.
9:25 of 2nd period - Marc Savard wins face-off versus Pavel Datsyuk in Oilers zone.
10:34 of 2nd period - Patrick Kane is hit by Jeff Taffe and loses puck.
10:53 of 2nd period - Snap shot by Patrick Kaleta.
10:53 of 2nd period - Shot Misses the Net.
10:55 of 2nd period - Wrist shot by Scott Niedermayer.
10:55 of 2nd period - Shot Misses the Net.
10:57 of 2nd period - Slapshot by Scott Niedermayer.
10:57 of 2nd period - Shot Misses the Net.
10:59 of 2nd period - Slapshot by Ilya Kovalchuk.
10:59 of 2nd period - Stopped by Rick DiPietro with a rebound.
11:09 of 2nd period - Wrist shot by Branislav Mezei.
11:09 of 2nd period - Shot Hit the Post.
11:11 of 2nd period - Slapshot by Jan Bulis.
11:11 of 2nd period - Stopped by Cam Ward with a rebound.
11:13 of 2nd period - Snap shot by Jan Bulis.
11:13 of 2nd period - Shot Misses the Net.
11:17 of 2nd period - Slapshot by Ramzi Abid.
11:17 of 2nd period - Shot Misses the Net.
11:19 of 2nd period - Slapshot by Branislav Mezei.
11:19 of 2nd period - Shot Misses the Net.
11:35 of 2nd period - Snap shot by Lubos Bartecko.
11:35 of 2nd period - Stopped by Rick DiPietro without a rebound.
11:36 of 2nd period - Peter Regin wins face-off versus Marc Savard in Blue Jackets zone.
11:37 of 2nd period - Wrist shot by Lubos Bartecko.
11:37 of 2nd period - Shot Misses the Net.
11:39 of 2nd period - Snap shot by Lubos Bartecko.
11:39 of 2nd period - Stopped by Rick DiPietro without a rebound.
11:40 of 2nd period - Pavel Datsyuk wins face-off versus Marc Savard in Blue Jackets zone.
12:21 of 2nd period - Snap shot by Jan Bulis.
12:21 of 2nd period - Shot Blocked by Duncan Keith.
12:43 of 2nd period - Snap shot by Eric Nystrom.
12:43 of 2nd period - Stopped by Rick DiPietro with a rebound.
12:53 of 2nd period - Snap shot by Andreas Nodl.
12:53 of 2nd period - Stopped by Cam Ward with a rebound.
12:55 of 2nd period - Slapshot by Mike Commodore.
12:55 of 2nd period - Shot Blocked by Lubos Bartecko.
12:57 of 2nd period - Slapshot by A.J Thelen.
12:57 of 2nd period - Stopped by Cam Ward with a rebound.
12:59 of 2nd period - Snap shot by Mike Commodore.
12:59 of 2nd period - Stopped by Cam Ward with a rebound.
13:01 of 2nd period - Slapshot by Mike Commodore.
13:01 of 2nd period - Shot Blocked by Christian Ehrhoff.
13:58 of 2nd period - Chris Kelly is hit by Olli Jokinen and loses puck.
14:55 of 2nd period - Wrist shot by Jan Bulis.
14:55 of 2nd period - Stopped by Cam Ward without a rebound.
14:56 of 2nd period - Jonathan Toews wins face-off versus Jan Bulis in Oilers zone.
15:11 of 2nd period - Snap shot by Pavel Bure.
15:11 of 2nd period - Deflect By Ramzi Abid.
15:11 of 2nd period - Stopped by Cam Ward without a rebound.
15:12 of 2nd period - Marc Savard wins face-off versus Pavel Datsyuk in Oilers zone.
15:25 of 2nd period - Snap shot by Marc Savard.
15:25 of 2nd period - Stopped by Cam Ward with a rebound.
16:00 of 2nd period - Slapshot by Chris Kelly.
16:00 of 2nd period - Shot Misses the Net.
16:02 of 2nd period - Wrist shot by Jason Ward.
16:02 of 2nd period - Stopped by Cam Ward without a rebound.
16:03 of 2nd period - Pavel Datsyuk wins face-off versus Chris Kelly in Oilers zone.
16:32 of 2nd period - Snap shot by Chris Kelly.
16:32 of 2nd period - Shot Misses the Net.
16:34 of 2nd period - Snap shot by Marcus Nilson.
16:34 of 2nd period - Stopped by Cam Ward without a rebound.
16:35 of 2nd period - Jonathan Toews wins face-off versus Marc Savard in Oilers zone.
16:42 of 2nd period - Snap shot by Ilya Kovalchuk.
16:42 of 2nd period - Goal by Ilya Kovalchuk - Blue Jackets : 0 - Oilers : 1.
16:43 of 2nd period - Pavel Datsyuk wins face-off versus Marc Savard in neutral zone.
17:44 of 2nd period - Snap shot by Chris Kelly.
17:44 of 2nd period - Goal by Chris Kelly - Blue Jackets : 1 - Oilers : 1.
17:45 of 2nd period - Marc Savard wins face-off versus Jonathan Toews in neutral zone.
17:56 of 2nd period - Wrist shot by Marc Savard.
17:56 of 2nd period - Stopped by Cam Ward without a rebound.
17:57 of 2nd period - Marc Savard wins face-off versus Pavel Datsyuk in Oilers zone.
18:49 of 2nd period - Snap shot by Andreas Nodl.
18:49 of 2nd period - Shot Misses the Net.
18:51 of 2nd period - Snap shot by Dave Steckel.
18:51 of 2nd period - Shot Misses the Net.
18:53 of 2nd period - Wrist shot by Jeff Taffe.
18:53 of 2nd period - Shot Blocked by Duncan Keith.
18:55 of 2nd period - Wrist shot by Dave Steckel.
18:55 of 2nd period - Shot Misses the Net.
19:01 of 2nd period - Minor Penalty to Adam Burish for High sticking.
19:02 of 2nd period - Peter Regin wins face-off versus Marc Savard in Oilers zone.
19:23 of 2nd period - Peter Regin is hit by Marc Savard and loses puck.
19:56 of 2nd period - Minor Penalty to Peter Regin for Roughing.
19:57 of 2nd period - Pavel Datsyuk wins face-off versus Marc Savard in Oilers zone.
Goals for this period are 1 for Blue Jackets vs 1 for Oilers.
Shots for this period are 13 for Blue Jackets vs 10 for Oilers.
3rd period
0:01 of 3rd period - Marc Savard wins face-off versus Jonathan Toews in neutral zone.
0:37 of 3rd period - Snap shot by Pavel Datsyuk.
0:37 of 3rd period - Stopped by Rick DiPietro without a rebound.
0:38 of 3rd period - Marc Savard wins face-off versus Jonathan Toews in Blue Jackets zone.
0:51 of 3rd period - Wrist shot by David Booth.
0:51 of 3rd period - Stopped by Cam Ward without a rebound.
0:52 of 3rd period - Pavel Datsyuk wins face-off versus Marc Savard in Oilers zone.
1:01 of 3rd period - Penalty to Adam Burish is over, Adam Burish is back on ice.
1:01 of 3rd period - Slapshot by Wade Redden.
1:01 of 3rd period - Stopped by Cam Ward with a rebound.
1:17 of 3rd period - Snap shot by Patric Hornqvist.
1:17 of 3rd period - Shot Blocked by Ilya Kovalchuk.
1:19 of 3rd period - Wrist shot by Patric Hornqvist.
1:19 of 3rd period - Shot Misses the Net.
1:53 of 3rd period - Wrist shot by Pavel Datsyuk.
1:53 of 3rd period - Shot Blocked by Marc Savard.
1:56 of 3rd period - Penalty to Peter Regin is over, Peter Regin is back on ice.
3:07 of 3rd period - Snap shot by Jonathan Toews.
3:07 of 3rd period - Shot Misses the Net.
3:14 of 3rd period - Minor Penalty to Wade Redden for Tripping.
3:15 of 3rd period - Jonathan Toews wins face-off versus Marc Savard in Blue Jackets zone.
3:30 of 3rd period - Slapshot by Ian White.
3:30 of 3rd period - Shot Blocked by Marc Savard.
3:40 of 3rd period - Marc Savard is hit by Patrick Kane and loses puck.
5:14 of 3rd period - Penalty to Wade Redden is over, Wade Redden is back on ice.
5:27 of 3rd period - Snap shot by Peter Regin.
5:27 of 3rd period - Deflect By Steve Begin.
5:27 of 3rd period - Shot Hit the Post.
5:27 of 3rd period - Puck is out of play.
5:28 of 3rd period - Lubos Bartecko wins face-off versus Chris Kelly in Blue Jackets zone.
5:31 of 3rd period - Snap shot by Steve Begin.
5:31 of 3rd period - Goal by Steve Begin - Blue Jackets : 1 - Oilers : 2.
5:32 of 3rd period - Pavel Datsyuk wins face-off versus Marc Savard in neutral zone.
5:35 of 3rd period - Snap shot by Pavel Datsyuk.
5:35 of 3rd period - Shot Hit the Post.
5:37 of 3rd period - Slapshot by Ian White.
5:37 of 3rd period - Stopped by Rick DiPietro with a rebound.
5:39 of 3rd period - Wrist shot by Patrick Kane.
5:39 of 3rd period - Shot Blocked by Marc Savard.
5:45 of 3rd period - Snap shot by Pavel Datsyuk.
5:45 of 3rd period - Shot Misses the Net.
5:47 of 3rd period - Wrist shot by Patrick Kane.
5:47 of 3rd period - Goal by Patrick Kane - Blue Jackets : 1 - Oilers : 3.
5:48 of 3rd period - Pavel Datsyuk wins face-off versus Marc Savard in neutral zone.
6:13 of 3rd period - Jan Bulis is hit by Ilya Kovalchuk and loses puck.
6:22 of 3rd period - Slapshot by Patrick Kaleta.
6:22 of 3rd period - Stopped by Rick DiPietro without a rebound.
6:23 of 3rd period - Marc Savard wins face-off versus Pavel Datsyuk in Blue Jackets zone.
8:18 of 3rd period - Ilya Kovalchuk is hit by Pavel Bure and loses puck.
8:27 of 3rd period - Ramzi Abid is hit by Ilya Kovalchuk and loses puck.
8:41 of 3rd period - Minor Penalty to Kevin Bieksa for Hooking.
8:42 of 3rd period - Marc Savard wins face-off versus Jonathan Toews in Blue Jackets zone.
9:07 of 3rd period - Marc Savard is hit by Tomas Fleischmann and loses puck.
9:22 of 3rd period - Slapshot by Jan Bulis.
9:22 of 3rd period - Shot Misses the Net.
10:03 of 3rd period - Duncan Keith is hit by Jan Bulis and loses puck.
10:41 of 3rd period - Penalty to Kevin Bieksa is over, Kevin Bieksa is back on ice.
10:54 of 3rd period - Snap shot by Peter Regin.
10:54 of 3rd period - Deflect By Wade Redden.
10:54 of 3rd period - Stopped by Rick DiPietro with a rebound.
11:24 of 3rd period - Snap shot by Eric Nystrom.
11:24 of 3rd period - Stopped by Rick DiPietro with a rebound.
11:26 of 3rd period - Snap shot by Olli Jokinen.
11:26 of 3rd period - Stopped by Rick DiPietro with a rebound.
12:54 of 3rd period - Kevin Bieksa is hit by Lubos Bartecko and loses puck.
13:22 of 3rd period - Icing by Kevin Bieksa.
13:23 of 3rd period - Jan Bulis wins face-off versus Pavel Datsyuk in Blue Jackets zone.
13:32 of 3rd period - Steve Staios is hit by Patric Hornqvist and loses puck.
13:59 of 3rd period - Snap shot by Patrick Kaleta.
13:59 of 3rd period - Stopped by Rick DiPietro without a rebound.
14:00 of 3rd period - Marc Savard wins face-off versus Jonathan Toews in Blue Jackets zone.
14:11 of 3rd period - Backhand shot by Patric Hornqvist.
14:11 of 3rd period - Shot Misses the Net.
14:13 of 3rd period - Slapshot by Marc Savard.
14:13 of 3rd period - Shot Blocked by Jonathan Toews.
14:35 of 3rd period - Wrist shot by Jonathan Toews.
14:35 of 3rd period - Shot Misses the Net.
14:37 of 3rd period - Slapshot by Jonathan Toews.
14:37 of 3rd period - Stopped by Rick DiPietro with a rebound.
14:39 of 3rd period - Snap shot by Christian Ehrhoff.
14:39 of 3rd period - Shot Misses the Net.
14:41 of 3rd period - Wrist shot by Jonathan Toews.
14:41 of 3rd period - Stopped by Rick DiPietro without a rebound.
14:42 of 3rd period - Jan Bulis wins face-off versus Pavel Datsyuk in Blue Jackets zone.
14:55 of 3rd period - Slapshot by Pavel Datsyuk.
14:55 of 3rd period - Stopped by Rick DiPietro without a rebound.
14:56 of 3rd period - Pavel Datsyuk wins face-off versus Marc Savard in Blue Jackets zone.
14:57 of 3rd period - Wrist shot by Patrick Kane.
14:57 of 3rd period - Stopped by Rick DiPietro without a rebound.
14:58 of 3rd period - Marc Savard wins face-off versus Pavel Datsyuk in Blue Jackets zone.
14:58 of 3rd period - Wade Redden is hit by Patrick Kane and loses puck.
15:07 of 3rd period - Wrist shot by Patric Hornqvist.
15:07 of 3rd period - Shot Misses the Net.
15:52 of 3rd period - Pavel Bure is hit by Olli Jokinen and loses puck.
16:11 of 3rd period - Snap shot by Pavel Datsyuk.
16:11 of 3rd period - Stopped by Rick DiPietro with a rebound.
16:19 of 3rd period - Snap shot by Jeff Taffe.
16:19 of 3rd period - Stopped by Cam Ward with a rebound.
16:39 of 3rd period - Snap shot by Marc Savard.
16:39 of 3rd period - Stopped by Cam Ward without a rebound.
16:40 of 3rd period - Steve Begin wins face-off versus Chris Kelly in Oilers zone.
16:40 of 3rd period - Steve Begin is hit by Branislav Mezei.
16:48 of 3rd period - Marcus Nilson is hit by Peter Regin and loses puck.
16:54 of 3rd period - Minor Penalty to Wade Redden for Roughing.
16:55 of 3rd period - Jonathan Toews wins face-off versus Marc Savard in Blue Jackets zone.
16:57 of 3rd period - Snap shot by Patrick Kaleta.
16:57 of 3rd period - Stopped by Rick DiPietro with a rebound.
18:20 of 3rd period - Chris Kelly is hit by Patrick Kane and loses puck.
18:54 of 3rd period - Penalty to Wade Redden is over, Wade Redden is back on ice.
18:59 of 3rd period - Snap shot by Chris Kelly.
18:59 of 3rd period - Stopped by Cam Ward with a rebound.
19:01 of 3rd period - Snap shot by Jeff Taffe.
19:01 of 3rd period - Shot Blocked by Patrick Kane.
19:03 of 3rd period - Wrist shot by A.J Thelen.
19:03 of 3rd period - Deflect By Chris Kelly.
19:03 of 3rd period - Shot Misses the Net.
19:03 of 3rd period - Puck is out of play.
19:04 of 3rd period - Marc Savard wins face-off versus Jonathan Toews in Oilers zone.
19:13 of 3rd period - Wrist shot by Duncan Keith.
19:13 of 3rd period - Shot Misses the Net.
19:22 of 3rd period - Minor Penalty to Mike Commodore for Hooking.
19:23 of 3rd period - Marc Savard wins face-off versus Ilya Kovalchuk in Blue Jackets zone.
Goals for this period are 0 for Blue Jackets vs 2 for Oilers.
Shots for this period are 5 for Blue Jackets vs 15 for Oilers.
Output by the SimonT Hockey Simulator (STHS) for François Prévost -- Original Page W3C XHTML 1.0 Valid